 Dungeon Crawl Stone Soup version 0.20.1-1-g8b1a95d66d (webtiles) character file.

1402 BrokenGlass the Grappler (level 8, 0/60 HPs)
             Began as an Octopode Fighter on Jan 2, 2018.
             Was a Follower of Ashenzari.
             Slain by a river rat (8 damage)
             ... summoned by Eustachio
             ... on level 6 of the Dungeon.
             The game lasted 00:07:07 (5373 turns).

BrokenGlass the Grappler (Octopode Fighter)         Turns: 5373, Time: 00:07:08

Health: 0/60       AC:  3    Str: 18    XL:     8   Next: 69%
Magic:  8/8        EV: 19    Int: 10    God:    Ashenzari [*.....]
Gold:   196        SH:  0    Dex: 16    Spells: 2/7 levels left

rFire    . . .     SeeInvis +     - Unarmed
rCold    . . .     Gourm    +   (no shield)
rNeg     . . .     Faith    .   (helmet restricted)
rPois    .         Spirit   .   g - amulet of the gourmand
rElec    .         Reflect  .   d - ring of flight
rCorr    .         Harm     .   (no ring)
MR       .....                  (no ring)
Stlth    +++.......             (no ring)
Regen    0.2/turn               (no ring)
MPRegen  0.2/turn               (no ring)
                                (no ring)
                                (no ring)

@: agile, lethally poisoned (0 -> -9)
A: almost no armour, stealthy swim, amphibious, 8 rings, constrict 8, slimy
green scales 1, camouflage 1, see invisible, gelatinous body 1
a: Curse Item, Scrying, Renounce Religion, Evoke Flight


You were on level 6 of the Dungeon.
You worshipped Ashenzari.
Ashenzari was aware of your devotion.
You were very full.

You visited 1 branch of the dungeon, and saw 6 of its levels.
You also visited: Sewer.

You collected 346 gold pieces.
You spent 150 gold pieces at shops.

Inventory:

Hand Weapons
 C - a +0 hand crossbow
Missiles
 e - 17 tomahawks (quivered)
 u - 30 bolts
Armour
 a - a +0 shield
Jewellery
 d - a ring of flight (left tentacle)
 g - an amulet of the gourmand (around mantle)
 o - an uncursed amulet of guardian spirit
Wands
 n - a wand of acid (7/15)
Scrolls
 b - a scroll of random uselessness {unknown}
 h - 3 scrolls of identify
 i - 3 scrolls of noise {unknown}
 j - 8 scrolls of teleportation {unknown}
 m - 2 scrolls of remove curse
 p - 3 scrolls of amnesia {unknown}
 q - 2 scrolls of blinking
 v - a scroll of immolation {unknown}
 w - a scroll of enchant armour {unknown}
Potions
 r - 2 potions of flight
 t - a potion of heal wounds
 x - a potion of haste
 A - 2 potions of brilliance
 B - 2 potions of agility
Books
 s - a book of Changes

   Spells                             Type                      Level
   a - Beastly Appendage              Transmutation                1
   b - Sticks to Snakes               Transmutation                2
   c - Spider Form                    Transmutation/Poison         3
   d - Ice Form                       Ice/Transmutation            4
   e - Blade Hands                    Transmutation                5
 y - a Young Poisoner's Handbook

   Spells                             Type                      Level
   a - Sting                          Conjuration/Poison           1
   b - Poisonous Vapours              Poison/Air                   2
   c - Mephitic Cloud                 Conjuration/Poison/Air       3
   d - Olgreb's Toxic Radiance        Poison                       4
   e - Venom Bolt                     Conjuration/Poison           5
Comestibles
 c - 2 bread rations
 f - 6 fruits
 k - 5 royal jellies
 z - 2 meat rations


   Skills:
 + Level 7.3 Fighting
 - Level 3.0 Dodging
 - Level 3.0 Shields
 - Level 8.2 Unarmed Combat


You had 2 spell levels left.
You knew the following spells:

 Your Spells              Type           Power        Failure   Level  Hunger
a - Blade Hands           Tmut           #.........   100%        5    ######.


Dungeon Overview and Level Annotations

Branches:
Dungeon (6/15)
 Temple: D:4-7

Altars:
Ashenzari
Elyvilon
Gozag
Nemelex Xobeh
Sif Muna
Trog
Vehumet
Xom
Yredelemnul

Shops:
D:6 *

Annotations:
D:6 Eustachio


Innate Abilities, Weirdness & Mutations

You cannot wear most types of armour.
You are very stealthy in the water. (Stealth+)
You are amphibious.
You can wear up to eight rings at the same time.
You can use your tentacles to constrict eight enemies at once.
Your skin changes colour to match your surroundings (Stealth+).
Your rubbery body absorbs attacks. (AC +1, EV +1)
You are partially covered in slimy green scales. (AC +2)
You have supernaturally acute eyesight. (SInv)


Message History

Eustachio gestures wildly while chanting.
The water moccasin closely misses you.
The orc wizard gestures wildly while chanting.
The orc wizard seems to speed up.
Unknown command.
Unknown command.
You feel agile all of a sudden. The water moccasin bites you.
* * * LOW HITPOINT WARNING * * *
You are lethally poisoned!
The water moccasin poisons you!
Unknown command.
You tentacle-slap the water moccasin. You grab the water moccasin.
The water moccasin is moderately wounded.
You constrict the water moccasin.
* * * LOW HITPOINT WARNING * * *
You feel sick.
The water moccasin bites you but does no damage.
The river rat bites you!
You die...

#................#.......
#.................##....#
####.##.#..........#.##..
#.##.#.......>..<..###
#..........>.......... ####
###.#.................
#...########.....).###.........
............>r.................
............@S@.........#.....#
...........Zl####.......#.###.#
.........###.# #)....#######..
........Z###Z####.....#≈≈≈≈≈#..
.......#l.#oo.........#§§.≈≈#..
.......##.....).......#≈._.≈#..
....o.o #.............#≈≈.≈≈#..
8...... #.............#≈≈.≈§#..
.S...(# ..............###'###..


You could see Eustachio, a water moccasin, a river rat, an adder zombie and a
leopard gecko.

Vanquished Creatures
  4 ice beasts
  2 ogres
  A centaur (D:5)
  A big kobold (Sewer)
  2 bullfrogs
  A howler monkey (D:4)
  A crimson imp (D:6)
  A bullfrog zombie (D:6)
  An orc priest (D:6)
  3 iguanas
  An orc wizard (D:6)
  4 worker ants
  A killer bee zombie (D:6)
  A hound zombie (D:6)
  2 hound skeletons
  A howler monkey skeleton (D:4)
  6 adders
  A river rat (Sewer)
  An ooze (D:1)
  2 worms (D:2)
  2 dart slugs
  8 leopard geckos
  10 orcs
  7 bats
  6 giant cockroaches
  9 goblins
  10 hobgoblins
  7 jackals
  2 quokkas (D:2)
  3 ball pythons
  A ball python skeleton (D:5)
  8 frilled lizards
  10 kobolds
  12 rats
132 creatures vanquished.

Notes
Turn   | Place    | Note
-------+----------+-------------------------------------------
     0 | D:1      | BrokenGlass the Octopode Fighter began the quest for the Orb.
     0 | D:1      | Reached XP level 1. HP: 16/16 MP: 1/1
   319 | D:1      | Reached XP level 2. HP: 21/21 MP: 2/2
   473 | D:1      | Reached skill level 3 in Unarmed Combat
   529 | D:1      | Reached XP level 3. HP: 18/26 MP: 3/3
  1034 | D:2      | Reached skill level 4 in Unarmed Combat
  1097 | D:2      | Reached XP level 4. HP: 20/31 MP: 4/4
  1511 | D:2      | Found a sparkling altar of Nemelex Xobeh.
  1514 | D:2      | Found a bloodstained altar of Trog.
  1517 | D:2      | Found a shattered altar of Ashenzari.
  1601 | D:2      | Became a worshipper of Ashenzari the Shackled
  1878 | D:3      | Found a white marble altar of Elyvilon.
  2119 | D:3      | Reached skill level 5 in Unarmed Combat
  2218 | D:3      | Reached XP level 5. HP: 36/36 MP: 5/5
  2323 | D:3      | Found a deep blue altar of Sif Muna.
  2633 | D:4      | Found an opulent altar of Gozag.
  2706 | D:4      | Noticed an ogre
  2719 | D:4      | Killed an ogre
  2719 | D:4      | Reached skill level 6 in Unarmed Combat
  2719 | D:4      | Reached XP level 6. HP: 42/42 MP: 6/6
  2903 | D:4      | Found a basalt altar of Yredelemnul.
  3098 | D:5      | Entered Level 5 of the Dungeon
  3192 | D:5      | Noticed an ice beast
  3233 | D:5      | Killed an ice beast
  3316 | D:5      | Reached skill level 7 in Unarmed Combat
  3316 | D:5      | Reached XP level 7. HP: 14/48 MP: 7/7
  3322 | D:5      | Gained mutation: You have supernaturally acute eyesight. (SInv) [potion of mutation]
  3322 | D:5      | Gained mutation: You are partially covered in slimy green scales. (AC +2) [potion of mutation]
  3682 | D:5      | Found a glowing drain.
  3698 | Sewer    | Entered a sewer
  3968 | Sewer    | Found a white marble altar of Elyvilon.
  4198 | D:5      | Reached skill level 5 in Fighting
  4406 | D:5      | Reached * piety under Ashenzari
  4503 | D:6      | Reached XP level 8. HP: 55/55 MP: 8/8
  4508 | D:6      | Reached skill level 8 in Unarmed Combat
  4544 | D:6      | Noticed Eustachio
  4551 | D:6      | Found a shimmering altar of Xom.
  4805 | D:6      | Learned a level 5 spell: Blade Hands
  4851 | D:6      | Found a radiant altar of Vehumet.
  4883 | D:6      | Found Ratad's General Store.
  4896 | D:6      | Bought a scroll of identify for 24 gold pieces
  4896 | D:6      | Bought a scroll of blinking for 90 gold pieces
  4896 | D:6      | Bought a scroll of identify for 24 gold pieces
  4896 | D:6      | Bought a potion of degeneration for 12 gold pieces
  4969 | D:6      | HP: 1/58 [iguana (13)]
  5373 | D:6      | Slain by a river rat

Skill      XL: |  1  2  3  4  5  6  7  8 |
---------------+-------------------------+-----
Unarmed Combat | 3 4 5 6 7 8 |  8.2
Fighting       | 4 5 7 |  7.3
Dodging        | |  3.0
Shields        | |  3.0

Action                   |  1- 3 |  4- 6 |  7- 9 || total
-------------------------+-------+-------+-------++-------
Melee: Unarmed           |    73 |   129 |   122 ||   324
       Constrict         |    20 |    33 |    26 ||    79
       Tentacles         |    16 |    23 |    24 ||    63
       Punch             |     1 |     3 |     7 ||    11
Throw: Tomahawk          |       |     6 |     3 ||     9
  Use: Potion            |       |     3 |     3 ||     6
       Scroll            |       |       |     6 ||     6
 Stab: Sleeping          |     6 |     8 |     3 ||    17
  Eat: Chunk             |     8 |     7 |    10 ||    25
Armor: Skin              |     3 |    11 |    21 ||    35
Dodge: Dodged            |    47 |    70 |    77 ||   194
